 Dungeon Crawl Stone Soup version 0.25.1-2-g60ff931df9 (webtiles) character file.

Game seed: 17139910973100864798

3319 Martska the Protected (level 9, -6/81 HPs)
             Began as a Minotaur Fighter on Sept 26, 2020.
             Was a Follower of the Shining One.
             Mangled by a two-headed ogre
             ... wielding a +0 giant club
              (22 damage)
             ... on level 8 of the Dungeon.
             The game lasted 00:11:54 (7235 turns).

Martska the Protected (Minotaur Fighter)            Turns: 7235, Time: 00:11:54

Health: -6/81      AC: 10    Str: 24    XL:     9   Next: 71%
Magic:  20/20      EV: 12    Int:  5    God:    the Shining One [*.....]
Gold:   470        SH: 10    Dex: 10    Spells: 8/8 levels left

rFire    . . .     SeeInvis .   a - +0 war axe
rCold    . . .     Gourm    .   c - +0 kite shield
rNeg     . . .     Faith    .   F - +0 steam dragon scales
rPois    .         Spirit   .   (helmet restricted)
rElec    .         Reflect  .   d - +0 cloak
rCorr    .         Harm     .   g - +0 pair of gloves (curse)
MR       .....                  j - +0 pair of boots
Stlth    +.........             k - amulet of magic regeneration
HPRegen  0.23/turn              o - ring of magical power
MPRegen  0.42/turn              (no ring)

@: glowing
A: retaliatory headbutt, horns 2
a: Renounce Religion


You were on level 8 of the Dungeon.
You worshipped the Shining One.
The Shining One was aware of your devotion.
You were not hungry.

You visited 1 branch of the dungeon, and saw 8 of its levels.

You collected 470 gold pieces.

Inventory:

Hand Weapons
 a - a +0 war axe (weapon)
Armour
 b - a +1 scale mail
 c - a +0 kite shield (worn)
 d - a +0 cloak (worn)
 g - a cursed +0 pair of gloves (worn)
 j - a +0 pair of boots (worn)
 F - +0 steam dragon scales (worn)
Jewellery
 k - an amulet of magic regeneration (around neck)
 o - a ring of magical power (left hand)
 G - an uncursed amulet of faith {unknown}
Wands
 t - a wand of digging (6)
 y - a wand of iceblast (7)
 D - a wand of flame (21)
Scrolls
 e - 3 scrolls of remove curse {unknown}
 l - 4 scrolls of enchant armour
 m - a scroll of blinking {unknown}
 n - 7 scrolls of identify {unknown}
 s - a scroll of noise {unknown}
 u - a scroll of magic mapping {unknown}
 v - 4 scrolls of amnesia {unknown}
 B - 2 scrolls of enchant weapon {unknown}
 C - 4 scrolls of teleportation {unknown}
 E - a scroll of random uselessness {unknown}
Potions
 h - a potion of stabbing {unknown}
 i - 4 potions of brilliance {unknown}
 p - 2 potions of heal wounds {unknown}
 q - 6 potions of curing {unknown}
 r - 2 potions of berserk rage {unknown}
 w - a potion of cancellation {unknown}
 x - a potion of lignification {unknown}
 z - a potion of invisibility {unknown}
 H - a potion of degeneration {unknown}
Comestibles
 f - 18 rations
 A - 4 chunks of flesh


   Skills:
 * Level 8.0 Fighting
 * Level 7.5 Axes
 * Level 8.1 Armour
 * Level 6.4 Dodging
 - Level 4.4 Shields
 * Level 3.8 Invocations
 * Level 4.2 Evocations


You had 8 spell levels left.
You didn't know any spells.
Your spell library was empty.

Dungeon Overview and Level Annotations

Branches:
Dungeon (8/15)             Temple (0/1) D:6
   Lair: D:8-11

Altars:
Dithmenos
Elyvilon
Yredelemnul
The Shining One


Innate Abilities, Weirdness & Mutations

You reflexively headbutt those who attack you in melee.
You have a pair of horns on your head.


Message History

You hit the two-headed ogre.
The two-headed ogre is moderately wounded.
The two-headed ogre closely misses you. You block the two-headed ogre's attack.
You hit the two-headed ogre.
The two-headed ogre is heavily wounded.
The two-headed ogre hits you with a +0 giant club!
The two-headed ogre barely misses you.
You are too injured to fight recklessly!
You are too injured to fight recklessly!
You are too injured to fight recklessly!
You are too injured to fight recklessly!
You are too injured to fight recklessly!
You are too injured to fight recklessly!
You are too injured to fight recklessly!
You slash the two-headed ogre! You headbutt the two-headed ogre.
The two-headed ogre is severely wounded.
The two-headed ogre hits you with a +0 giant club!!
* * * LOW HITPOINT WARNING * * *
The two-headed ogre hits you with a +0 giant club!!
You die...

#.............# #.
#....##...##.#
###.##.....†##....#
.............##..####.
#..####[......##.....
##.## ##...........#
#...####.##.#...##..
#>.......÷......#
#...####.##.##@.#
##.## #.##.##O.# #
##.## #........#
.##...## ####.###.#
.#.#.#.### #.# .#
.......... ..# .#
##(#.#.### ## .# ≈≈..
###...## .. .⌠..
.....## ..#


You could see a two-headed ogre.

Vanquished Creatures
  Grinder (D:4)
  Eustachio (D:5)
  2 steam dragons (D:7)
  A water moccasin (D:7)
  An orc warrior (D:7)
  An ice beast (D:5)
  2 sky beasts
  A hornet zombie (D:8)
  5 phantoms
  A centaur (D:6)
  Blork the orc (D:6)
  4 bullfrogs
  2 scorpions
  4 killer bees (D:8)
  3 wights (D:6)
  A crimson imp (D:8)
  A bullfrog zombie (D:6)
  A quasit (D:5)
  5 jellies
  5 orc wizards
  Crazy Yiuf (D:4)
  2 iguanas
  Ijyb (D:3)
  4 worker ants
  2 hound skeletons
  A worker ant zombie (D:6)
  11 adders
  3 gnolls (D:5)
  A shadow imp (D:5)
  2 oozes
  4 adder skeletons
  2 worms (D:2)
  5 leopard geckos
  36 orcs
  A ball python (D:1)
  9 giant cockroaches
  6 goblins
  8 hobgoblins
  12 kobolds
  3 quokkas
  6 bats
  3 frilled lizards
  A quokka skeleton (D:4)
  6 rats
173 creatures vanquished.

Notes
Turn   | Place    | Note
-------+----------+-------------------------------------------
     0 | D:1      | Martska the Minotaur Fighter began the quest for the Orb.
     0 | D:1      | Reached XP level 1. HP: 19/19 MP: 0/0
   101 | D:1      | Reached XP level 2. HP: 27/27 MP: 1/1
   357 | D:1      | Reached skill level 1 in Dodging
   832 | D:2      | Reached XP level 3. HP: 33/33 MP: 2/2
  1168 | D:2      | Reached XP level 4. HP: 40/40 MP: 3/3
  2222 | D:3      | Noticed Ijyb
  2232 | D:3      | Killed Ijyb
  2232 | D:3      | Reached XP level 5. HP: 43/47 MP: 4/4
  2827 | D:4      | Noticed Grinder
  2848 | D:4      | Paralysed by Grinder for 4 turns
  2861 | D:4      | Killed Grinder
  2861 | D:4      | Reached skill level 5 in Fighting
  2861 | D:4      | Reached skill level 5 in Armour
  2861 | D:4      | Reached XP level 6. HP: 24/56 MP: 5/5
  3281 | D:4      | Found a runed translucent door.
  3282 | D:4      | Noticed Crazy Yiuf
  3659 | D:4      | Killed Crazy Yiuf
  3730 | D:5      | Entered Level 5 of the Dungeon
  3746 | D:5      | Noticed an ice beast
  3759 | D:5      | Killed an ice beast
  3759 | D:5      | Reached XP level 7. HP: 10/61 MP: 6/6
  4262 | D:5      | Reached skill level 5 in Axes
  4401 | D:5      | Found a shadowy altar of Dithmenos.
  4606 | D:5      | Found a basalt altar of Yredelemnul.
  4619 | D:5      | Reached skill level 1 in Evocations
  4946 | D:5      | Noticed Eustachio
  4974 | D:5      | Killed Eustachio
  4979 | D:5      | Reached XP level 8. HP: 47/71 MP: 8/8
  5108 | D:5      | Found a glowing golden altar of the Shining One.
  5113 | D:5      | Found a white marble altar of Elyvilon.
  5172 | D:5      | Became a worshipper of the Shining One
  5283 | D:6      | Found a staircase to the Ecumenical Temple.
  5406 | D:6      | Noticed Blork the orc
  5418 | D:6      | Killed Blork the orc
  5580 | D:6      | Reached skill level 5 in Dodging
  5580 | D:6      | Reached skill level 1 in Invocations
  5722 | D:6      | Reached * piety under the Shining One
  6014 | D:6      | Reached XP level 9. HP: 79/79 MP: 10/10
  7228 | D:8      | Noticed a two-headed ogre
  7235 | D:8      | Mangled by a two-headed ogre

Illustrated notes

Levels and vault maps discovered:
D:1:      shiori_arrival_oz, layout_loops_ring,
          hangedman_abyss_or_decor_lesser_grid
D:2:      layout_basic, minmay_misc_feat_x
D:3:      layout_basic, st_stairs_6, serial_bayou_crossing, uniq_ijyb
D:4:      layout_basic, first_ration, minmay_curled_crystal,
          small_statue_alley_b, due_unseen_surprise, uniq_crazy_yiuf_cottage,
          uniq_grinder
D:5:      layout_basic, nicolae_overflow_crystal_walls,
          grunt_temple_overflow_open, grunt_dithmenos_smoke_and_mirrors,
          uniq_eustachio
D:6:      layout_loops_ring, temple_green, uniq_blork_the_orc
D:7:      cheibrodos_steamvent, layout_basic, serial_glass, glass_columns_a,
          glass_columns_a
D:8:      layout_loops_ring, kiku_gazebo_pond_becter, lair_entry_dummy,
          grunt_ogre_cave, hangedman_decor_peaks_small

Skill      XL: |  1  2  3  4  5  6  7  8  9 |
---------------+----------------------------+-----
Dodging        | 1 2 3 4 5 6 |  6.4
Shields        | 4 |  4.4
Fighting       | 4 5 6 7 8 |  8.0
Armour         | 4 5 6 7 8 |  8.1
Axes           | 3 4 5 6 7 |  7.5
Evocations     | 2 3 4 |  4.2
Invocations    | 2 3 |  3.8

Action                   |  1- 3 |  4- 6 |  7- 9 || total
-------------------------+-------+-------+-------++-------
Melee: War axe           |    88 |   131 |   271 ||   490
       Headbutt          |    15 |    20 |    48 ||    83
Evoke: Wand              |       |       |     1 ||     1
  Use: Potion            |       |     1 |       ||     1
       Scroll            |       |       |     1 ||     1
  Eat: Chunk             |     1 |     8 |    12 ||    21
Armor: Scale mail        |    36 |    62 |    74 ||   172
       Steam dragon scal |       |       |    29 ||    29
Dodge: Dodged            |    25 |    62 |   111 ||   198
Block: Kite shield       |    48 |    61 |   145 ||   254
